 Dungeon Crawl Stone Soup version 0.26-a0-597-gb535b0901c (webtiles) character file.

Game seed: 9341911716274095742

32 Apogee the Vandal (level 3, 0/24 HPs)
             Began as a Halfling Hunter on Sept 14, 2020.
             Slain by a goblin
             ... wielding a +0 dagger
             ... led by Robin
              (2 damage)
             ... on level 2 of the Dungeon.
             The game lasted 00:01:45 (964 turns).

Apogee the Vandal (Halfling Hunter)                  Turns: 964, Time: 00:01:45

Health: 0/24       AC:  3    Str: 14    XL:     3   Next: 45%
Magic:  3/3        EV: 15    Int:  9    God:
Gold:   66         SH:  0    Dex: 14    Spells: 2/2 levels left

rFire    . . .     SeeInvis .   a - +1 hunting sling
rCold    . . .     Faith    .   (shield restricted)
rNeg     . . .     Spirit   .   c - +0 leather armour
rPois    .         Reflect  .   (no helmet)
rElec    .         Harm     .   (no cloak)
rCorr    .                      (no gloves)
MR       .....                  (no boots)
Stlth    ++........             (no amulet)
HPRegen  0.08/turn              (no ring)
MPRegen  0.08/turn              (no ring)

@: no status effects
A: small, mutation resistance 1
a: no special abilities


You were on level 2 of the Dungeon.
You visited 1 branch of the dungeon, and saw 2 of its levels.

You collected 66 gold pieces.

Inventory:

Hand Weapons
 a - a +1 hunting sling (weapon)
 b - a +0 short sword
Missiles
 d - 4 sling bullets (quivered)
 i - 43 stones
Armour
 c - a +0 leather armour (worn)
 j - a +0 cloak
   (You found it on level 1 of the Dungeon)
Jewellery
 m - an uncursed amulet of regeneration {unknown}
   (You found it on level 1 of the Dungeon)
Scrolls
 e - a scroll of remove curse {unknown}
 f - 4 scrolls of teleportation {unknown}
 g - a scroll of magic mapping {unknown}
 h - 4 scrolls of identify {unknown}
Potions
 k - a potion of magic {unknown}


   Skills:
 + Level 2.2 Fighting
 + Level 6.2 Slings
 + Level 2.7 Dodging
 - Level 2.0 Stealth


You had 2 spell levels left.
You didn't know any spells.
Your spell library was empty.

Dungeon Overview and Level Annotations

Branches:
Dungeon (2/15)

Altars:

Annotations:
D:2 Robin


Innate Abilities, Weirdness & Mutations

You are small and have problems with some larger weapons.
You are somewhat resistant to further mutation.


Message History

* * * LOW HITPOINT WARNING * * *
Firing (i - inventory. (/) - cycle)
d - 9 sling bullets (quivered)
Aim: a goblin, wielding a +1 dagger of venom (strong)
You shoot a sling bullet.
The sling bullet closely misses the goblin.
* * * LOW HITPOINT WARNING * * *
You feel sick. The goblin misses you. The goblin barely misses you.
Unknown command.
Firing (i - inventory. (/) - cycle)
d - 8 sling bullets (quivered)
Aim: a goblin, wielding a +1 dagger of venom (strong)
You shoot a sling bullet.
The sling bullet closely misses the goblin.
The goblin closely misses you. x2
Unknown command.
It was a potion of curing.
You feel better. The goblin closely misses you.
Robin roars a battlecry!
The goblin hits you with a +0 dagger.
* * * LOW HITPOINT WARNING * * *
You hear a shout!
Firing (i - inventory. (/) - cycle)
d - 7 sling bullets (quivered)
Aim: a goblin, wielding a +1 dagger of venom (strong)
You shoot a sling bullet. The sling bullet hits the goblin.
You kill the goblin!
The goblin hits you with a +0 dagger.
* * * LOW HITPOINT WARNING * * *
The goblin no longer looks unusually strong.
Robin throws the goblin at you! The goblin hits you but does no damage.
Things that are here:
a sling bullet; a +1 dagger of venom Really attack while wielding your +1 hunting sling? [Y]es or [N]o only, please.
Really attack while wielding your +1 hunting sling? [Y]es or [N]o only, please.
Really attack while wielding your +1 hunting sling?
Okay, then.
Firing (i - inventory. (/) - cycle)
d - 6 sling bullets (quivered)
Aim: a goblin, wielding a +0 dagger You shoot a sling bullet.
The sling bullet hits the goblin.
You kill the goblin!
Robin throws the goblin at you!
* * * LOW HITPOINT WARNING * * *
Things that are here:
a sling bullet; a +0 dagger Firing (i - inventory. (/) - cycle)
d - 5 sling bullets (quivered)
Aim: a goblin, wielding a +0 club (strong)
You shoot a sling bullet.
The sling bullet barely misses the goblin.
The goblin no longer looks unusually strong.
The goblin hits you with a +0 dagger.
You die...

##+##(...#.# #...(......#
#....g#.#### #.# #...†.# #
#.# #.g...#.##. #.#
#..........# #.#
#..g.####### #.#
###########......... #.#
#(..g@ggg).g..).....
##.####.##################
#.......##############
##.######............#
#......'............#
########............#
#............#
#....).......#
#.......(....#


You could see Robin and 4 goblins.

Vanquished Creatures
  A worm (D:2)
  A ball python (D:1)
  10 goblins
  5 hobgoblins
  3 jackals (D:1)
  2 bats (D:1)
  2 kobolds (D:1)
  2 rats (D:1)
26 creatures vanquished.

Notes
Turn   | Place    | Note
-------+----------+-------------------------------------------
     0 | D:1      | Apogee the Halfling Hunter began the quest for the Orb.
     0 | D:1      | Reached XP level 1. HP: 14/14 MP: 1/1
   113 | D:1      | Reached skill level 6 in Slings
   113 | D:1      | Reached XP level 2. HP: 19/19 MP: 2/2
   704 | D:1      | Reached XP level 3. HP: 20/24 MP: 3/3
   925 | D:2      | Noticed Robin
   964 | D:2      | Slain by a goblin

Illustrated notes

Levels and vault maps discovered:
D:1:      ncdulo_watergridlock, layout_basic
D:2:      layout_basic, uniq_robin

Skill      XL: |  1  2  3 |
---------------+----------+-----
Slings         | 6 |  6.2
Fighting       | 2 |  2.2
Stealth        | 2 |  2.0
Dodging        | |  2.7

Action                   || total
-------------------------++-------
Melee: Short sword       ||    67
 Fire: Hunting sling     ||    17
  Use: Potion            ||     1
 Stab: Distracted        ||     1
Armor: Leather armour    ||    16
Dodge: Dodged            ||    53

Table legend: (Time is in decaauts)
 A = Elapsed time spent in this place.
 B = Non-inter-level travel time spent in this place.
 C = Inter-level travel time spent in this place.
 D = Time resting spent in this place.
 E = Time spent auto-exploring this place.
 F = Levels seen in this place.
 G = Mean time per level.
                   A        B        C        D        E       F      G
               +--------+--------+--------+--------+--------+-----+--------+
         Total |    966 |    923 |     43 |    199 |    534 |   2 |  483.0 |
       Dungeon |    966 |    923 |     43 |    199 |    534 |   2 |  483.0 |
               +--------+--------+--------+--------+--------+-----+--------+

Top non-repeatable levels by time:
     D:1: 871 daAuts
     D:2: 95 daAuts
